 Dungeon Crawl Stone Soup version 0.25.1-2-g60ff931df9 (webtiles) character file.

Game seed: 14827451671273820392

56 Curus the Twirler (level 3, -1/21 HPs)
             Began as a Gargoyle Gladiator on Nov 10, 2020.
             Slain by Sigmund
             ... wielding a +0 scythe
              (2 damage)
             ... on level 2 of the Dungeon.
             The game lasted 00:05:26 (1870 turns).

Curus the Twirler (Gargoyle Gladiator)              Turns: 1870, Time: 00:05:27

Health: -1/21      AC: 10    Str: 16 (17) XL:     3   Next: 97%
Magic:  3/3        EV: 10    Int:  8      God:
Gold:   48         SH:  0    Dex: 16 (18) Spells: 2/2 levels left

rFire    . . .     SeeInvis .   a - +0 quarterstaff
rCold    . . .     Gourm    .   (shield currently unavailable)
rNeg     + . .     Faith    .   e - +0 scale mail
rPois    ∞         Spirit   .   c - +0 helmet
rElec    +         Reflect  .   m - scarf {harm}
rCorr    .         Harm     +   (no gloves)
MR       .....                  (no boots)
Stlth    ..........             (no amulet)
HPRegen  0.07/turn              h - +6 ring of dexterity
MPRegen  0.08/turn              (no ring)

@: no status effects
A: negative energy resistance 1, electricity resistance, unbreathing,
petrification resistance, rot immunity, AC +3
a: no special abilities


You were on level 2 of the Dungeon.
You were not hungry.

You visited 1 branch of the dungeon, and saw 2 of its levels.

You collected 48 gold pieces.

Inventory:

Hand Weapons
 a - a +0 quarterstaff (weapon)
Missiles
 d - 3 throwing nets (quivered)
Armour
 b - a +0 leather armour
 c - a +0 helmet (worn)
 e - a +0 scale mail (worn)
 m - a scarf of harm (worn)
Jewellery
 h - a +6 ring of dexterity (left hand)
Wands
 k - a wand of paralysis (10)
Scrolls
 l - a scroll of identify
Potions
 i - 2 potions of flight
 j - 2 potions of curing
Comestibles
 f - 4 rations


   Skills:
 - Level 2.1 Fighting
 + Level 4.7 Staves
 - Level 1.7 Throwing
 - Level 2.4 Dodging


You had 2 spell levels left.
You didn't know any spells.
Your spell library was empty.

Dungeon Overview and Level Annotations

Branches:
Dungeon (2/15)

Altars:

Annotations:
D:2 Sigmund


Innate Abilities, Weirdness & Mutations

You are resistant to torment.
Your stone body is resilient. (AC +3)
You are immune to poison.
You resist negative energy. (rN+)
You are resistant to electric shocks. (rElec)
You can survive without breathing.
You are immune to petrification.
You are immune to rotting.


Message History

Sigmund mumbles some strange words.
Sigmund flickers and vanishes!
Deactivating autopickup; reactivate with Ctrl-A.
You hit the goblin.
You kill the goblin!
Something hits you but does no damage.
You see here a goblin corpse.
Something hits you but does no damage.
You sock something! Something hits you!
You hit something. Something hits you.
You miss something. Something hits you but does no damage.
A quokka comes into view.
A puff of flame appears from out of thin air!
The puff of flame hits you.
* * * LOW HITPOINT WARNING * * *
A ball python comes into view.
The ball python hisses angrily.
Something hits you.
You die...

..#'#### *,,,,,,,,,,,,,,,*
..#.# #.******,,,,,****
..#.# #.###>,,,*,,,* ..+.#
#S#.#,,<,,,,,* ..###
#.#.#,,,*,,,,***** ..)#
#.#.###*#....#..,* ##.#
#.#...# #......#,* #.####
#.###r###.....g#,** ##....#
#..@....#......,,,* #.....#
####.##.#.....,,*,* #.....#
#.##.#....#,.#,* #....##
###.##.#....#..#.# #.....##
#...##.###.......# #).....#
#.####.......##### #......#
#####...######.#.#
#..>.#.####.....#+#...*#.#.#
#....#.##.+.........#,*#..,#


You could see a quokka.

Vanquished Creatures
  An adder (D:2)
  4 worms (D:2)
  A dart slug (D:1)
  A ball python (D:1)
  A giant cockroach (D:2)
  5 goblins
  4 hobgoblins
  7 bats
  2 frilled lizards (D:2)
  4 kobolds
  5 rats
35 creatures vanquished.

Notes
Turn   | Place    | Note
-------+----------+-------------------------------------------
     0 | D:1      | Curus the Gargoyle Gladiator began the quest for the Orb.
     0 | D:1      | Reached XP level 1. HP: 12/12 MP: 1/1
   202 | D:1      | Reached XP level 2. HP: 17/17 MP: 2/2
   755 | D:1      | Reached skill level 4 in Staves
  1018 | D:2      | Reached XP level 3. HP: 8/21 MP: 3/3
  1844 | D:2      | Noticed Sigmund
  1868 | D:2      | HP: 1/21 [something/puff of flame (7)]
  1870 | D:2      | Slain by Sigmund

Illustrated notes

Levels and vault maps discovered:
D:1:      evilmike_arrival_hilbert_curve, layout_basic, hangedman_decor_points,
          kennysheep_nondescript
D:2:      layout_basic, xom_teletrap_fun, chequers_ecumenical_altar_twisty,
          uniq_sigmund

Skill      XL: |  1  2 |
---------------+-------+-----
Staves         | 4 |  4.7
Fighting       | |  2.1
Throwing       | |  1.7
Dodging        | |  2.4

Action                   || total
-------------------------++-------
Melee: Quarterstaff      ||   108
  Use: Potion            ||     7
       Scroll            ||     4
  Eat: Chunk             ||     3
Armor: Leather armour    ||     7
       Scale mail        ||    42
Dodge: Dodged            ||    70
